 Dungeon Crawl Stone Soup version 0.31-a0-844-gdc52ec4e09 (webtiles) character file.

Game seed: 5910266867516115205

1251 Maratek the Magician (level 8, -2/56 HPs)
             Began as a Djinni Fire Elementalist on Sept 28, 2023.
             Was an Initiate of Qazlal.
             Slain by a wight
             ... wielding a +0 halberd
              (12 damage)
             ... on level 6 of the Dungeon.
             The game lasted 00:14:44 (6167 turns).

Maratek the Magician (Djinni Fire Elementalist)     Turns: 6167, Time: 00:14:44

Health: -2/56      AC:  5    Str:  7    XL:     8   Next: 80%
Gold:   365        EV: 13    Int: 19    God:    Qazlal [......] SH:  0 Dex:  9

rFire   + + +        (no weapon)
rCold   x x x        (no shield)
rNeg    + . .        i - +2 robe {rN+}
rPois   ∞            (no helmet)
rElec   .            (no cloak)
rCorr   +            j - +0 pair of gloves
SInv    .            (boots unavailable)
Will    .....        (no amulet)
Stlth   ++           g - ring of fire
HPRegen 0.29/turn    h - ring "Hulifan" {Fire rPois rCorr Dex-5}
MPRegen 0.00/turn

%: infuse magic (-3 HP)
@: flying
A: sickness immunity, fire resistance 2, cold vulnerability 1, float, innate
caster, HP casting, extra vitality 1
a: Renounce Religion


You were on level 6 of the Dungeon.
You worshipped Qazlal.
Qazlal was noncommittal.
You visited 2 branches of the dungeon, and saw 7 of its levels.

You collected 1329 gold pieces.
You spent 964 gold pieces at shops.

Inventory:

Armour
 i - a +2 robe of positive energy (worn)
 j - a +0 pair of gloves (worn)
Jewellery
 g - a ring of fire (left hand)
 h - the ring "Hulifan" (right hand) {Fire rPois rCorr Dex-5}
   (You bought it in a shop on level 1 of the Dungeon)

   [ring of fire]

   Fire:      It enhances your fire magic.
   Dex-5:     It affects your dexterity (-5).
   rF+:       It protects you from fire.
   rC-:       It makes you vulnerable to cold.
   rPois:     It protects you from poison rCorr: It protects you from acid and
   corrosion.
 o - a +6 ring of dexterity
Wands
 t - a wand of charming (8)
Scrolls
 a - 3 scrolls of revelation
 e - a scroll of fog
 f - 2 scrolls of blinking
 k - a scroll of immolation
 m - 2 scrolls of fear
Potions
 b - 3 potions of might
 c - 2 potions of heal wounds {unknown}
 d - 2 potions of degeneration {unknown}
 l - 2 potions of cancellation {unknown}
 n - 3 potions of attraction {unknown}
 p - a potion of berserk rage {unknown}
 q - a potion of mutation {unknown}


   Skills:
 + Level 3.1 Fighting
 + Level 5.1 Dodging
 + Level 4.2 Stealth
 + Level 0.1 Unarmed Combat
 + Level 6.0 Spellcasting
 + Level 6.0 Conjurations
 + Level 6.0 Hexes
 + Level 6.0 Summonings
 + Level 6.0 Necromancy
 + Level 6.0 Translocations
 + Level 6.0 Transmutations
 + Level 6.0 Fire Magic
 + Level 6.0 Ice Magic
 + Level 6.0 Air Magic
 + Level 6.0 Earth Magic
 + Level 6.0 Poison Magic


You knew the following spells:

 Your Spells              Type           Power      Damage    Failure   Level
a - Foxfire               Conj/Fire      100%       2x1d9     1%          1
b - Scorch                Fire           100%       2d9       1%          2
c - Volatile Blastmotes   Fire/Tloc      100%       2d18      2%          3
d - Inner Flame           Hex/Fire       59%        N/A       2%          3
e - Flame Wave            Conj/Fire      59%        2d14      10%         4
f - Freeze                Ice            100%       1d10      1%          1
g - Blink                 Tloc           56%        N/A       1%          2
h - Summon Guardian Gole  Hex/Summ       28%        N/A       2%          3
Your spell library was empty.

Dungeon Overview and Level Annotations

Branches:
Dungeon (6/15)             Temple (1/1) D:5

Altars:
Ashenzari
Dithmenos
Elyvilon
Fedhas
Gozag
Okawaru
Qazlal
Ru
Uskayaw
Yredelemnul
The Shining One

Shops:
D:1 :[==


Innate Abilities, Weirdness & Mutations

You are immune to sickness and miasma.
You are immune to poison.
Your flesh is very heat resistant. (rF++)
You are vulnerable to cold. (rC-)
You float through the air rather than walking.
You learn spells naturally, not from books.
Your magical power is your life essence.
You have superior vitality. (+4 MHP)


Message History

You are too injured to fight recklessly!
Casting: Foxfire (safe; 1% risk of failure)
Press: ? - help, Q - select action, (/) - cycle Dir - look around, f - activate You feel a strong surge of power!
You conjure some foxfire!
The wight hits your guardian golem but does no damage.
The wight hits you from afar with a +0 halberd!
* * * LOW HITPOINT WARNING * * *
Casting: Foxfire (safe; 1% risk of failure)
Press: ? - help, Q - select action, (/) - cycle Dir - look around, f - activate You feel a strong surge of power!
There is not enough space to conjure foxfire!
Your foxfire dissipates!
The foxfire hits the wight.
The wight is heavily damaged.
The foxfire hits the wight but does no damage.
The wight is heavily damaged.
The foxfire hits the wight but does no damage.
The wight is heavily damaged.
The wight hits your guardian golem but does no damage.
Casting: Foxfire (safe; 1% risk of failure)
Press: ? - help, Q - select action, (/) - cycle Dir - look around, f - activate You feel a strong surge of power!
You conjure some foxfire!
* * * LOW HITPOINT WARNING * * *
The wight hits your guardian golem with a +0 dagger.
Casting: Foxfire (safe; 1% risk of failure)
Press: ? - help, Q - select action, (/) - cycle Dir - look around, f - activate You feel a strong surge of power!
You conjure some foxfire!
* * * LOW HITPOINT WARNING * * *
The foxfire hits the wight.
The wight is severely damaged.
The wight misses you.
The wight hits your guardian golem with a +0 dagger!
Casting: Foxfire (safe; 1% risk of failure)
Press: ? - help, Q - select action, (/) - cycle Dir - look around, f - activate You feel a strong surge of power!
You conjure some foxfire!
* * * LOW HITPOINT WARNING * * *
The foxfire hits the wight.
The wight is almost destroyed.
The wight hits you from afar with a +0 halberd!
You die...

... ...####
..#..# ### ....#
#<# ...# #.#
..#.###.#
#v#.....# #
#@####..#
#.##v§.##..#
#..z)#.....#
#......#.#####.#
.....9.#... #.#
..!.z..###§# ...
....... §# #.#.
....... # .#.#
....... .. #


You could see 2 wights and a friendly guardian golem (summoned).

Vanquished Creatures
  2 black bears (D:4)
  An ogre (D:4)
  A bullfrog (D:4)
  5 scorpions
  A wight (D:6)
  A gnoll bouda (D:5)
  An orc priest (D:4)
  A hound (Temple)
  A sleepcap (D:5)
  3 orc wizards
  8 gnolls (D:5)
  4 adders
  A shadow imp (D:5)
  An ufetubus (D:3)
  2 worms (D:2)
  3 dart slugs
  4 orcs
  7 bats
  7 endoplasms
  3 giant cockroaches (D:3)
  4 goblins
  7 hobgoblins
  3 jackals (D:3)
  11 kobolds
  2 quokkas (D:4)
  6 ball pythons
  8 frilled lizards
  5 rats
103 creatures vanquished.

Vanquished Creatures (others)
  2 centaurs (D:5)
  A gnoll (D:5)
  610 foxfires
613 creatures vanquished.

Grand Total: 716 creatures vanquished

Notes
Turn   | Place    | Note
-------+----------+-------------------------------------------
     0 | D:1      | Maratek the Djinni Fire Elementalist began the quest for
                  | the Orb.
     0 | D:1      | Maratek set off with the following spells memorised:
                  | Foxfire, Scorch, Volatile Blastmotes, Inner Flame, Flame
                  | Wave.
     0 | D:1      | Reached XP level 1. HP: 15/15 MP: 0/0
   101 | D:1      | Found Ebredo's Jewellery Emporium.
   104 | D:1      | You are sucked into a shaft and drop 1 floor!
   177 | D:1      | Found Vocun's Jewellery Emporium.
   268 | D:1      | Reached XP level 2. HP: 19/21 MP: 0/0
   378 | D:1      | Found Yrehac's Armour Boutique.
   411 | D:1      | Found Moutib Mafi's Book Shoppe.
   638 | D:2      | Reached XP level 3. HP: 21/25 MP: 0/0
   638 | D:2      | Learned a level 1 spell: Freeze
  1320 | D:2      | Identified a scroll of acquirement
  1321 | D:2      | Acquired 964 gold pieces
  1434 | D:1      | Bought a ring of fire for 350 gold pieces
  1434 | D:1      | Bought the ring "Hulifan" {Fire rPois rCorr Dex-5} for 438
                  | gold pieces
  1506 | D:1      | Bought a +2 robe of positive energy for 176 gold pieces
  1797 | D:3      | Reached XP level 4. HP: 28/31 MP: 0/0
  2017 | D:3      | Identified the +2 chain mail of Eliesuho {rF+ Str+2}
  2335 | D:3      | Found a broken altar of Ashenzari.
  2385 | D:4      | Noticed a bullfrog
  2392 | D:4      | Killed a bullfrog
  2393 | D:4      | Reached skill level 1 in Fighting
  2393 | D:4      | Reached XP level 5. HP: 19/37 MP: 0/0
  2393 | D:4      | Learned a level 2 spell: Blink
  2815 | D:4      | Reached XP level 6. HP: 36/42 MP: 0/0
  2841 | D:4      | Noticed a black bear
  2846 | D:4      | Killed a black bear
  2895 | D:4      | Reached XP level 7. HP: 35/47 MP: 0/0
  2895 | D:4      | Learned a level 3 spell: Summon Guardian Golem
  3315 | D:4      | Found an iron altar of Okawaru.
  3409 | D:4      | Reached skill level 5 in Spellcasting
  3409 | D:4      | Reached skill level 5 in Conjurations
  3409 | D:4      | Reached skill level 5 in Hexes
  3409 | D:4      | Reached skill level 5 in Summonings
  3409 | D:4      | Reached skill level 5 in Necromancy
  3409 | D:4      | Reached skill level 5 in Translocations
  3409 | D:4      | Reached skill level 5 in Transmutations
  3409 | D:4      | Reached skill level 5 in Fire Magic
  3409 | D:4      | Reached skill level 5 in Ice Magic
  3409 | D:4      | Reached skill level 5 in Air Magic
  3409 | D:4      | Reached skill level 5 in Earth Magic
  3409 | D:4      | Reached skill level 5 in Poison Magic
  3904 | D:4      | Found a blossoming altar of Fedhas.
  3904 | D:4      | Found a basalt altar of Yredelemnul.
  4070 | D:5      | Entered Level 5 of the Dungeon
  4079 | D:5      | Found a staircase to the Ecumenical Temple.
  4088 | Temple   | Entered the Ecumenical Temple
  4126 | Temple   | Became a worshipper of Qazlal Stormbringer
  4166 | D:5      | Reached XP level 8. HP: 43/54 MP: 0/0
  5678 | D:5      | Found a shadowy altar of Dithmenos.
  5701 | D:5      | Reached skill level 5 in Dodging
  6167 | D:6      | Slain by a wight

Illustrated notes

Levels and vault maps discovered:
D:1:      dpeg_arrival_leaves_temple_mockup, layout_rooms, serial_shops, shop,
          nicolae_shop_rolling_square, shop, nicolae_shop_pleasant_corner_grove
D:2:      layout_rooms, minmay_misc_feat_hallway
D:3:      layout_basic, ashenzari_conservatory_becter, minmay_pentomino_pile
D:4:      minmay_octagon_keep, layout_gridville, okawaru_metal_pillars_1_2,
          gammafunk_temple_overflow_wave
D:5:      layout_basic, lemuel_round_altar, minmay_temple_entry_junction_2,
          minmay_misc_feat_secret_circle
D:6:      layout_basic, nzn_wu_jian_council_hall,
          mainiacjoe_overflow_cross_hatched, nicolae_elemental_shop,
          minmay_fractal_squares_diagonal_5, uniq_sigmund
Temple:   nicolae_temple_ecumenical_triangle

Skill      XL: |  1  2  3  4  5  6  7  8 |
---------------+-------------------------+-----
Spellcasting   | 4 5 6 |  6.0
Conjurations   | 4 5 6 |  6.0
Hexes          | 4 5 6 |  6.0
Summonings     | 4 5 6 |  6.0
Necromancy     | 4 5 6 |  6.0
Translocations | 4 5 6 |  6.0
Transmutations | 4 5 6 |  6.0
Fire Magic     | 4 5 6 |  6.0
Ice Magic      | 4 5 6 |  6.0
Air Magic      | 4 5 6 |  6.0
Earth Magic    | 4 5 6 |  6.0
Poison Magic   | 4 5 6 |  6.0
Stealth        | 2 3 4 |  4.2
Dodging        | 3 4 5 |  5.1
Fighting       | 1 3 |  3.1
Unarmed Combat | |  0.1

Action                     |  1- 3 |  4- 6 |  7- 9 || total
---------------------------+-------+-------+-------++-------
  Melee: Unarmed           |     9 |     1 |       ||    10
   Cast: Foxfire           |   113 |   107 |   187 ||   407
         Summon Guardian G |       |       |    12 ||    12
         Blink             |       |       |     3 ||     3
         Volatile Blastmot |       |       |     3 ||     3
    Use: Scroll            |     6 |       |     6 ||    12
 Armour: Robe              |     6 |    18 |    41 ||    65
  Dodge: Dodged            |    14 |    19 |    30 ||    63

Table legend: (Time is in decaauts)
 A = Elapsed time spent in this place.
 B = Non-inter-level travel time spent in this place.
 C = Inter-level travel time spent in this place.
 D = Time resting spent in this place.
 E = Time spent auto-exploring this place.
 F = Levels seen in this place.
 G = Mean time per level.
                   A        B        C        D        E       F      G
               +--------+--------+--------+--------+--------+-----+--------+
         Total |   6165 |   5770 |    395 |   2020 |   2867 |   7 |  880.7 |
       Dungeon |   6111 |   5716 |    395 |   2020 |   2867 |   6 | 1018.5 |
        Temple |     53 |     53 |      0 |      0 |      0 |   1 |   53.0 |
               +--------+--------+--------+--------+--------+-----+--------+

Top non-repeatable levels by time:
     D:5: 2014 daAuts
     D:4: 1693 daAuts
     D:2: 970 daAuts
     D:1: 786 daAuts
     D:3: 618 daAuts
  Temple: 53 daAuts
     D:6: 28 daAuts
